[Event "82nd Italian Championship 2023"]
[Site "Brescia"]
[Date "2023.12.04"]
[Round "6.6"]
[White "David, Alberto"]
[Black "Dvirnyy, Danyyil"]
[Result "1/2-1/2"]
[ECO "D35"]
[WhiteElo "2532"]
[BlackElo "2495"]
[Annotator "TA"]
[PlyCount "40"]
[EventDate "2023.11.28"]
[EventType "tourn"]
[EventCountry "ITA"]
[SourceTitle "playchess.com"]
[Source "ChessBase"]
[SourceQuality "1"]
[TimeControl "40/6000+30:20/3000+30:900+30"]

1. d4 Nf6 2. c4 e6 3. Nc3 d5 4. cxd5 exd5 5. Bg5 Bb4 6. e3 h6 7. Bh4 g5 {[%emt 0:00:08] D35: Queen's Gambit Declined: Exchange Variation.} 8. Bg3 Ne4 9. Qc2 h5 10. f3 Nxg3 11. hxg3 Qe7 12. Kf2 Be6 13. a3 Bd6 14. Nb5 {[%emt 0:24:05] [#]   Weighted Error Value: White=0.03 (flawless) /Black=0.04 (flawless)} {Predecessor:} c6 $146 15. Nxd6+ Qxd6 16. g4 h4 17. Nh3 f6 18. Bd3 a5 19. Bf5 Nd7 20. Bxe6 Qxe6 {0-1 Niemann,H (2687)-Sanal,V (2570) TUR-chT Ankara 2022 (9.6)} 1/2-1/2

[Event "82nd Italian Championship 2023"]
[Site "Brescia"]
[Date "2023.12.05"]
[Round "7.1"]
[White "Dvirnyy, Danyyil"]
[Black "Santagati, Alessandro"]
[Result "1/2-1/2"]
[ECO "D32"]
[WhiteElo "2495"]
[BlackElo "2245"]
[Annotator "RC"]
[PlyCount "142"]
[EventDate "2023.11.28"]
[EventType "tourn"]
[EventCountry "ITA"]
[SourceTitle "playchess.com"]
[Source "ChessBase"]
[SourceQuality "1"]
[TimeControl "40/6000+30:20/3000+30:900+30"]

1. c4 e6 2. Nc3 d5 3. e3 Nf6 4. Nf3 c5 5. cxd5 exd5 6. d4 Nc6 7. Bb5 Bd6 8. O-O O-O 9. dxc5 Bxc5 10. b3 Bg4 11. Bb2 a6 12. Be2 Qd6 13. h3 Be6 14. Ng5 Rad8 15. Rc1 Ba7 16. Qc2 Bb8 17. g3 h6 18. Nxe6 fxe6 19. Rcd1 Nh7 20. Kh1 Qc5 21. Qg6 Nf6 22. Na4 Qd6 23. Nc3 Ne7 24. Qc2 Qc5 25. Bd3 Rc8 26. Qd2 Qc6 27. Ne2 d4+ 28. Kg1 dxe3 29. Qxe3 Nf5 30. Bxf5 exf5 31. Nd4 Qe4 32. Qxe4 Nxe4 33. Ne6 Rf7 34. Nxg7 Rxg7 35. Bxg7 Kxg7 36. Rd7+ Kf6 37. Rxb7 Bd6 38. Rb6 Rc2 39. Rxa6 Ke7 40. Ra7+ Ke6 41. Ra6 Ke5 42. Ra5+ Ke6 43. g4 Bc5 44. gxf5+ Kf6 45. Kg2 h5 46. h4 Bxf2 47. Ra6+ Bb6+ 48. Kf3 Nd2+ 49. Kf4 Nxf1 50. Rxb6+ Kf7 51. a4 Rf2+ 52. Kg5 Rg2+ 53. Kxh5 Rg8 54. Rg6 Rb8 55. Kg5 Nd2 56. h5 Rxb3 57. Rf6+ Ke7 58. Re6+ Kf7 59. h6 Rb4 60. Rf6+ Ke7 61. Kg6 Rg4+ 62. Kh5 Rxa4 63. h7 Nf3 64. Re6+ Kf7 65. h8=N+ Kg7 66. Ng6 Nd4 67. Re7+ Kf6 68. Re4 Kxf5 69. Rf4+ Ke6 70. Kg4 Rb4 71. Nh4 Nc6 1/2-1/2

[Event "82nd Italian Championship 2023"]
[Site "Brescia"]
[Date "2023.12.05"]
[Round "7.2"]
[White "Lodici, Lorenzo"]
[Black "David, Alberto"]
[Result "1/2-1/2"]
[ECO "D00"]
[WhiteElo "2550"]
[BlackElo "2532"]
[Annotator "TA"]
[PlyCount "58"]
[EventDate "2023.11.28"]
[EventType "tourn"]
[EventCountry "ITA"]
[SourceTitle "playchess.com"]
[Source "ChessBase"]
[SourceQuality "1"]
[TimeControl "40/6000+30:20/3000+30:900+30"]

1. d4 d5 2. Nc3 c6 3. Bf4 Bf5 4. e3 e6 5. Bd3 Bd6 {[%emt 0:05:32] [#]} 6. Qf3 $146 {[%emt 0:07:37] D00: 1 d4 d5: Unusual lines.} ({Predecessor:} 6. Nge2 Nf6 7. Bxf5 exf5 8. Bg5 h6 9. Bxf6 Qxf6 10. Nf4 O-O 11. O-O Nd7 12. g3 {0-1 Cvirik,V (1938)-Chovanec,M (2197) Tatry op Tatranske Zruby 2007 (2)}) 6... Bxd3 7. cxd3 Ne7 8. h4 Bxf4 9. Qxf4 Nd7 10. Nf3 O-O 11. h5 Qb8 12. Qxb8 Rfxb8 13. h6 g6 $1 14. g4 f6 15. g5 fxg5 16. Nxg5 e5 17. dxe5 Nxe5 18. Ke2 (18. Kd2 $5) 18... Re8 (18... Rf8 {feels hotter.} 19. f4 Nf5 20. Rag1 Nf7) 19. f4 Nf7 20. Nxf7 Kxf7 21. e4 Rad8 22. Rad1 Nf5 {[%emt 0:03:16] [#] Strongly threatening ...Ng3+.} 23. Rh3 {[%emt 0:02:58] Against Ng3+} b5 {[%emt 0:02:24] aiming for ...b4.} 24. Kf3 {[%emt 0:06:24] The position is equal.} dxe4+ 25. dxe4 Rxd1 26. Nxd1 Nd4+ 27. Ke3 Nf5+ 28. Kf3 Nd4+ 29. Ke3 Nf5+ {[%emt 0:00:03] Not much happened in this game.   Weighted Error Value: White=0.06 (flawless) /Black=0.06 (flawless)} 1/2-1/2

[Event "82nd Italian Championship 2023"]
[Site "Brescia"]
[Date "2023.12.05"]
[Round "7.3"]
[White "Brunello, Sabino"]
[Black "Iermito, Sebastian"]
[Result "1-0"]
[ECO "A13"]
[WhiteElo "2492"]
[BlackElo "2524"]
[Annotator "RC"]
[PlyCount "113"]
[EventDate "2023.11.28"]
[EventType "tourn"]
[EventCountry "ITA"]
[SourceTitle "playchess.com"]
[Source "ChessBase"]
[SourceQuality "1"]
[TimeControl "40/6000+30:20/3000+30:900+30"]

1. c4 e6 2. g3 d5 3. Bg2 d4 4. Nf3 Nc6 5. O-O Bc5 6. d3 Nf6 7. Nbd2 O-O 8. Nb3 Be7 9. e3 dxe3 10. Bxe3 Ng4 11. Bc5 Rb8 12. Bxe7 Nxe7 13. Qe2 b6 14. d4 Bb7 15. Rfd1 Nf6 16. Rac1 Bxf3 17. Bxf3 c6 18. Rc3 Rb7 19. Na1 Rd7 20. Rcd3 Qc7 21. b4 Rfd8 22. Nc2 Nf5 23. Bg2 b5 24. cxb5 cxb5 25. d5 Nxd5 26. Bxd5 exd5 27. Rxd5 Rxd5 28. Rxd5 Nd6 29. Ne3 a6 30. Qd3 Nb7 31. h4 h6 32. Qd4 Rxd5 33. Qxd5 Nd8 34. Nf5 Kh7 35. Nd4 Qe7 36. Kg2 Nb7 37. Nf5 Qc7 38. h5 Nd8 39. Nd4 Kg8 40. Kf3 Qe7 41. a3 Nb7 42. Nf5 Qe6 43. Kf4 Qxd5 44. Ne7+ Kf8 45. Nxd5 Nd6 46. Nb6 f6 47. Ke3 Kf7 48. Kd4 Ke6 49. Nd5 Nc4 50. a4 Kd6 51. axb5 axb5 52. Ne3 Nxe3 53. fxe3 f5 54. e4 fxe4 55. Kxe4 Ke6 56. Kd4 Kd6 57. g4 1-0

[Event "82nd Italian Championship 2023"]
[Site "Brescia"]
[Date "2023.12.05"]
[Round "7.4"]
[White "Lumachi, Gabriele"]
[Black "Carnicelli, Valerio"]
[Result "0-1"]
[ECO "E71"]
[WhiteElo "2395"]
[BlackElo "2423"]
[Annotator "RC"]
[PlyCount "80"]
[EventDate "2023.11.28"]
[EventType "tourn"]
[EventCountry "ITA"]
[SourceTitle "playchess.com"]
[Source "ChessBase"]
[SourceQuality "1"]
[TimeControl "40/6000+30:20/3000+30:900+30"]

1. d4 Nf6 2. c4 g6 3. Nc3 Bg7 4. e4 d6 5. h3 O-O 6. Be3 e5 7. d5 Na6 8. g4 Nc5 9. f3 a5 10. Qd2 c6 11. Nge2 a4 12. Ng3 h5 13. Rg1 cxd5 14. cxd5 h4 15. Nh1 Bd7 16. Nf2 Nh7 17. Nb5 Bxb5 18. Bxb5 f6 19. Be2 Ng5 20. Kf1 Bh6 21. Kg2 Rc8 22. Rac1 Rc7 23. Nd3 Ngxe4 24. fxe4 Nxe4 25. Qb4 Bxe3 26. Rxc7 Qxc7 27. Qxe4 Bxg1 28. Qxg6+ Qg7 29. Qxg7+ Kxg7 30. Kxg1 a3 31. bxa3 Rc8 32. Ne1 Rc5 33. Nf3 Rxd5 34. Kf2 f5 35. gxf5 Kf6 36. Ke3 Ra5 37. Bc4 Rc5 38. Bb3 d5 39. Kd2 e4 40. Nxh4 d4 0-1

[Event "82nd Italian Championship 2023"]
[Site "Brescia"]
[Date "2023.12.05"]
[Round "7.5"]
[White "Basso, Pier Luigi"]
[Black "Moroni, Luca Jr"]
[Result "1/2-1/2"]
[WhiteElo "2483"]
[BlackElo "2575"]
[Annotator "TA"]
[PlyCount "43"]
[EventDate "2023.11.28"]
[EventType "tourn"]
[EventCountry "ITA"]
[SourceTitle "playchess.com"]
[Source "ChessBase"]
[SourceQuality "1"]
[TimeControl "40/6000+30:20/3000+30:900+30"]

1. e4 e5 2. Nf3 Nc6 3. Bc4 Bc5 4. O-O Nf6 5. d3 d6 6. c3 a6 7. a4 {[%emt 0:00:07] 7.Re1 is the recent fashion. C54: Giuoco Piano: 4 c3 Nf6, main lines with 5 d4 and 5 d3.} Ba7 8. Nbd2 O-O 9. h3 h6 10. Re1 {[%emt 0:00:06] [#] Not much happened in this game.   Weighted Error Value: White=0.03 (flawless) /Black=0.04 (flawless)} {Predecessor:} Re8 $146 11. b4 Be6 12. Bxe6 Rxe6 13. Bb2 Re8 14. Nf1 d5 15. Qc2 Qd6 16. Ng3 dxe4 17. dxe4 Rad8 18. Qb3 Qe6 19. Qxe6 Rxe6 20. Red1 Red6 21. Rxd6 cxd6 22. Kf1 {½-½ Dominguez Perez,L (2739)-Harikrishna,P (2711) World-chT Rapid 2023 (12)} 1/2-1/2

[Event "82nd Italian Championship 2023"]
[Site "Brescia"]
[Date "2023.12.05"]
[Round "7.6"]
[White "Gilevych, Artem"]
[Black "Sonis, Francesco"]
[Result "1/2-1/2"]
[ECO "B27"]
[WhiteElo "2416"]
[BlackElo "2564"]
[Annotator "TA"]
[PlyCount "193"]
[EventDate "2023.11.28"]
[EventType "tourn"]
[EventCountry "ITA"]
[SourceTitle "playchess.com"]
[Source "ChessBase"]
[SourceQuality "1"]
[TimeControl "40/6000+30:20/3000+30:900+30"]

1. e4 c5 2. Nf3 h6 3. c3 d5 4. exd5 Nf6 5. d4 cxd4 ({Black should play} 5... Qxd5 $14 6. Be3) 6. Bb5+ $16 ({Much worse is} 6. Qxd4 $6 Qxd5 7. Bc4 Qxd4 8. Nxd4 Bd7 $11) 6... Bd7 {[%emt 0:00:09] [#]} 7. Bxd7+ ({But not} 7. Nxd4 Bxb5 8. Nxb5 a6 $11) (7. Bc4 $1 $16) 7... Qxd7 $11 8. c4 e6 $1 9. O-O exd5 10. Re1+ Be7 11. cxd5 Qxd5 12. Nxd4 Qd7 {[%emt 0:03:33] [#]} (12... Nc6 $11 {remains equal.} 13. Nxc6 Qxd1 14. Rxd1 bxc6) 13. Nc3 ({Better is} 13. Qf3 $1 $16) 13... O-O $1 $11 14. Qf3 Qxd4 15. Rxe7 Nbd7 $1 16. Bf4 Rae8 17. Rxe8 Rxe8 18. h3 Qb4 19. b3 Qa3 20. Rd1 b6 (20... Qb4 {is more complex.} 21. Qg3 Nh5 22. Bd6 Qb6) 21. Qd3 Qa5 22. Qc4 Qf5 23. Bg3 Nc5 24. b4 Nce4 25. Nxe4 Rxe4 26. Rd8+ Kh7 $1 27. Qd3 (27. Qxf7 $2 {loses.} Re1+ 28. Kh2 Ng4+ 29. hxg4 Qxf7 $19) 27... Qg6 28. a3 (28. b5 {simplifies} Rb4 29. Bb8 Qxd3 30. Rxd3 Rxb5 31. Bxa7 Nd5 32. f3) 28... Re1+ 29. Kh2 Ne4 (29... Qxd3 {simplifies} 30. Rxd3 Re7 31. Bb8 a6) 30. Rd7 a6 31. Qf3 Nf6 32. Rd1 Rxd1 33. Qxd1 b5 34. Be5 Ne4 35. Qd4 Ng5 36. Bf4 Ne6 37. Qd6 Qc2 38. Bg3 Qc8 $1 39. Qd3+ Kg8 40. Qd6 Ng5 41. Qd5 Qe6 42. Qd8+ Kh7 43. Qd3+ Qg6 44. Qd5 Qe6 45. Qd3+ f5 46. f3 Nf7 47. h4 g5 48. hxg5 hxg5 49. Qc2 Kg7 50. Qd3 Kg6 51. Bb8 Kh5 52. Bg3 Nh6 53. Bb8 f4 54. g4+ fxg3+ $1 55. Bxg3 Nf5 56. Bf2 Qd6+ 57. Qxd6 Nxd6 58. Be3 Nc4 59. Bc1 $1 Kh4 60. Kg2 g4 61. Bf4 Nxa3 62. Kf2 Nc2 63. Bd2 $1 Na3 64. Bf4 Kh3 65. Bd6 $1 Nc2 66. fxg4 Kxg4 67. Ke2 Kf5 68. Kd3 Ke6 69. Bf8 Ne1+ 70. Kd4 Kd7 71. Kc5 Kc7 72. Bd6+ Kb7 73. Bf8 Nd3+ 74. Kd4 Nf4 75. Bd6 Ne2+ 76. Kc5 Nc3 77. Bf4 Na4+ 78. Kd6 Nb6 79. Kc5 Nd7+ 80. Kd6 Nf6 81. Kc5 Ne4+ 82. Kd5 Nf2 83. Bg3 Nd3 84. Bd6 Kb6 85. Be7 Kc7 86. Bd6+ Kd7 87. Bf8 Nf4+ 88. Ke4 Ne6 89. Bh6 Kd6 90. Be3 Nd8 91. Bf4+ Ke6 92. Kd4 Kd7 93. Kd5 Nc6 94. Kc5 a5 95. bxa5 b4 96. Kc4 Nxa5+ 97. Kxb4 1/2-1/2

[Event "82nd Italian Championship 2023"]
[Site "Brescia"]
[Date "2023.12.06"]
[Round "8.1"]
[White "Santagati, Alessandro"]
[Black "Sonis, Francesco"]
[Result "0-1"]
[ECO "C54"]
[WhiteElo "2245"]
[BlackElo "2564"]
[Annotator "TA"]
[PlyCount "50"]
[EventDate "2023.11.28"]
[EventType "tourn"]
[EventCountry "ITA"]
[SourceTitle "playchess.com"]
[Source "ChessBase"]
[SourceQuality "1"]
[TimeControl "40/6000+30:20/3000+30:900+30"]

1. e4 e5 2. Nf3 Nc6 3. Bc4 Bc5 4. O-O Nf6 5. d3 a6 6. a4 O-O 7. c3 Ba7 8. b4 d6 9. Nbd2 Ne7 10. Re1 {[%emt 0:01:29] C54: Giuoco Piano: 4 c3 Nf6, main lines with 5 d4 and 5 d3.} Ng6 11. Nf1 c6 {[%emt 0:07:52] [#]} 12. Ba3 $146 (12. Bb3 $11) ({Predecessor:} 12. Be3 Bb8 13. Bb3 d5 14. exd5 cxd5 15. Bg5 Re8 16. Ne3 Be6 17. Bxf6 gxf6 18. c4 {½-½ Xiong,J (2692)-Salem,A (2677) Speed Chess Q2 KO blitz 2022 (1.10)}) 12... d5 (12... Qb6 $6 13. Ne3 $11) 13. Bb3 dxe4 (13... Qb6 14. Qc2 $11) 14. dxe4 Ng4 {[%emt 0:00:06] Hoping for ...Qxd1.} 15. Ra2 $1 ({Much worse is} 15. Ne3 Qf6 16. Bc1 Nh4 $15) 15... Qf6 {[%emt 0:01:00] White must now prevent ...Rd8.} 16. h3 $1 Rd8 17. Qc1 {[%emt 0:03:40] [#]} (17. Qb1 $11 Nxf2 18. Rxf2) 17... Be6 (17... Nf4 $1 $17 18. hxg4 Bxg4) 18. c4 (18. Qb1 $15 Nxf2 19. Rxf2) 18... Nh6 (18... Rd3 $17 19. hxg4 Rxb3) 19. Qg5 $1 $15 Rd3 $36 {[%emt 0:00:08][%mdl 2048] Black has some pressure.} 20. Qxf6 gxf6 21. N3d2 (21. Bc2 $11 Bxc4 22. Bxd3 Bxa2 23. Bc1) 21... Nf4 $17 {[%emt 0:03:42] Strongly threatening ...Kh8. Black has more active pieces.} 22. Bc1 {[%emt 0:04:48] This costs White the game.} (22. Bc2 $17 {was called for.}) 22... Kh8 $19 23. Bc2 $2 {[%emt 0:02:38] [#]} (23. Ne3 Rg8 24. Kf1 (24. Kh1 $2 Nxg2 25. Rg1 Nxe3 $19)) 23... Nxh3+ $1 24. gxh3 (24. Kh1 Nxf2+) 24... Rg8+ 25. Kh1 Rxh3+ {[%emt 0:00:09] Weighted Error Value: White=0.93/Black=0.17 (very precise)} 0-1

[Event "82nd Italian Championship 2023"]
[Site "Brescia"]
[Date "2023.12.06"]
[Round "8.2"]
[White "Moroni, Luca Jr"]
[Black "Gilevych, Artem"]
[Result "1-0"]
[ECO "D35"]
[WhiteElo "2575"]
[BlackElo "2416"]
[Annotator "TA"]
[PlyCount "79"]
[EventDate "2023.11.28"]
[EventType "tourn"]
[EventCountry "ITA"]
[SourceTitle "playchess.com"]
[Source "ChessBase"]
[SourceQuality "1"]
[TimeControl "40/6000+30:20/3000+30:900+30"]

1. c4 e6 2. Nc3 d5 3. d4 Nf6 4. cxd5 exd5 5. Bg5 Be7 6. e3 O-O 7. Bd3 Re8 8. Nge2 {[%emt 0:01:57] 8.Nf3 is setting a new trend. D35: Queen's Gambit Declined: Exchange Variation.} h6 9. Bh4 c6 10. O-O {[%emt 0:02:26] The position is equal.} a5 11. h3 $5 {[%emt 0:01:16][%mdl 4] A promising side line.} Na6 12. Kh1 {[%emt 0:00:10] [#]} b5 $146 ({Predecessor:} 12... Nc7 13. Qc2 b5 14. a4 b4 15. Nb1 Ba6 16. Nd2 Bxd3 17. Qxd3 Ne6 18. Bxf6 Bxf6 {0-1 Cojocari,D (2051)-Petkov,M (2499) Sebes GP op 2023 (10)}) 13. Rc1 Nc7 14. a4 Rb8 15. Qb3 Be6 16. axb5 cxb5 17. Nf4 (17. Nxb5 $2 Nxb5 18. Bxf6 (18. Bxb5 $2 Bd7 $19) 18... gxf6 $19) 17... a4 18. Qd1 {[%emt 0:04:41] White is much more active.} Qd7 19. Nxe6 fxe6 ({Black should try} 19... Nxe6 20. Bg3 Rb6) 20. Bb1 (20. Bxf6 $142 Bxf6 21. Qg4) 20... Rec8 $16 21. f4 Nce8 {[%emt 0:00:11] [#]} 22. f5 $1 b4 (22... Rc4 $16) 23. fxe6 $18 {[%emt 0:03:02][%mdl 64] Remove Defender} (23. Nxa4 $2 Rxc1 24. Qxc1 Qxa4 $19) 23... Qxe6 (23... Qd6 {was necessary.}) 24. Bf5 {[%emt 0:01:44][%mdl 64] Skewer, Deflection} (24. Nxa4 Ne4 $16) 24... Qd6 {[%emt 0:00:57] [#]} 25. Nxd5 Nxd5 26. Bxc8 Bxh4 27. Qh5 (27. Qxa4 Nec7 28. Rc6 Qg3 29. Rxc7 Nxc7 30. Qb3+ Kh7 31. Qc2+ Kg8 32. Qb3+ Kh7 33. Qc2+ Kg8 34. Qb3+ $11) 27... Nec7 28. Qxh4 $2 ({Only move:} 28. e4 $1 $18 Ne7 29. e5) 28... Rxc8 $11 29. e4 Ne7 (29... Nf6 $2 30. e5 Qd7 31. exf6 $18) 30. d5 $36 {[%emt 0:00:21][%cal Oe4e5,Bd4d5,Bd5d6][%mdl 2080] Hoping for e5! White is pushing.} Ne8 $2 {[%emt 0:01:13][%mdl 8192] Wards off e5} (30... Qe5 $1 $11) 31. e5 (31. Qh5 Nf6 32. Rxc8+ Nxc8 $15) 31... Qd7 (31... Qxd5 $2 32. Qxe7 Rb8 33. Rf8+ Kh7 34. Rxe8 $18) (31... Qxe5 $2 32. Rxc8 (32. Qxb4 Rxc1 33. Rxc1 Nxd5 $15) 32... Nxc8 33. Re1 $18 (33. Qxb4 Nf6 $11)) (31... Rxc1 32. exd6 Rxf1+ 33. Kh2 Nxd6) 32. Rxc8 $18 {[%emt 0:01:29] White is clearly winning.} ({Not} 32. Qxb4 Rxc1 33. Rxc1 Nxd5 $11) 32... Nxc8 33. Qxb4 {[%emt 0:00:15] Qf8+ is the strong threat.} Ne7 34. d6 ({Weaker is} 34. e6 Qd6 35. Qxa4 Nc7 $16) 34... Ng6 35. Qe4 Nf8 36. Rf4 Qe6 37. Qc4 Qxc4 38. Rxc4 Kf7 39. Rf4+ Kg8 40. Rxa4 {[%emt 0:00:09] Weighted Error Value: White=0.26 (precise) /Black=0.39} 1-0

[Event "82nd Italian Championship 2023"]
[Site "Brescia"]
[Date "2023.12.06"]
[Round "8.3"]
[White "Carnicelli, Valerio"]
[Black "Basso, Pier Luigi"]
[Result "1/2-1/2"]
[ECO "C47"]
[WhiteElo "2423"]
[BlackElo "2483"]
[Annotator "RC"]
[PlyCount "22"]
[EventDate "2023.11.28"]
[EventType "tourn"]
[EventCountry "ITA"]
[SourceTitle "playchess.com"]
[Source "ChessBase"]
[SourceQuality "1"]
[TimeControl "40/6000+30:20/3000+30:900+30"]

1. e4 e5 2. Nf3 Nc6 3. Nc3 Nf6 4. d4 exd4 5. Nxd4 Bb4 6. Nxc6 bxc6 7. Bd3 O-O 8. O-O d5 9. exd5 cxd5 10. Bg5 c6 11. h3 h6 1/2-1/2

[Event "82nd Italian Championship 2023"]
[Site "Brescia"]
[Date "2023.12.06"]
[Round "8.4"]
[White "Iermito, Sebastian"]
[Black "Lumachi, Gabriele"]
[Result "1/2-1/2"]
[ECO "B44"]
[WhiteElo "2524"]
[BlackElo "2395"]
[Annotator "RC"]
[PlyCount "68"]
[EventDate "2023.11.28"]
[EventType "tourn"]
[EventCountry "ITA"]
[SourceTitle "playchess.com"]
[Source "ChessBase"]
[SourceQuality "1"]
[TimeControl "40/6000+30:20/3000+30:900+30"]

1. Nf3 Nf6 2. c4 c5 3. Nc3 Nc6 4. d4 cxd4 5. Nxd4 e6 6. e4 Bb4 7. Nxc6 bxc6 8. Bd3 e5 9. O-O O-O 10. h3 Re8 11. Be3 d5 12. exd5 Bxc3 13. bxc3 cxd5 14. Bg5 dxc4 15. Bxc4 Be6 16. Qxd8 Raxd8 17. Bb5 Re7 18. Rfd1 Rb8 19. c4 Rc7 20. Rac1 h6 21. Be3 Ne4 22. f4 Nc3 23. Rxc3 Rxb5 24. cxb5 Rxc3 25. Bxa7 Bxa2 26. b6 Rb3 27. Rd8+ Kh7 28. Rd7 Rb1+ 29. Kh2 Be6 30. Re7 Rb2 31. b7 Bd5 32. b8=Q Rxg2+ 33. Kh1 Rg4+ 34. Kh2 Rg2+ 1/2-1/2

[Event "82nd Italian Championship 2023"]
[Site "Brescia"]
[Date "2023.12.06"]
[Round "8.5"]
[White "David, Alberto"]
[Black "Brunello, Sabino"]
[Result "1/2-1/2"]
[ECO "C43"]
[WhiteElo "2532"]
[BlackElo "2492"]
[Annotator "TA"]
[PlyCount "40"]
[EventDate "2023.11.28"]
[EventType "tourn"]
[EventCountry "ITA"]
[SourceTitle "playchess.com"]
[Source "ChessBase"]
[SourceQuality "1"]
[TimeControl "40/6000+30:20/3000+30:900+30"]

1. e4 e5 2. Nf3 Nf6 3. d4 Nxe4 4. Bd3 d5 5. Nxe5 Nd7 6. Nc3 Nxe5 7. dxe5 {[%emt 0:00:06] The position is equal.} Bb4 {[%emt 0:00:07] C43: Petroff Defence: 3 d4.} 8. O-O Nxc3 9. bxc3 Bxc3 10. Rb1 O-O (10... Bxe5 $2 11. Re1 $18) 11. Bxh7+ {[%emt 0:00:48][%mdl 64] [#] Decoy} Kxh7 12. Qd3+ Kg8 13. Qxc3 a5 {[%emt 0:00:03] Black is weak on the dark squares} 14. Qg3 {[%emt 0:09:48] [#] Not much happened in this game.   Weighted Error Value: White=0.00 (flawless) /Black=0.03 (flawless)} {Predecessor:} Ra6 $146 15. Bg5 Qd7 16. f4 Qf5 17. Bf6 Qg6 18. Rb3 a4 19. Ra3 Bf5 20. Qf2 Qh6 {½-½ Papp,G (2589)-Bogner,S (2572) Bundesliga 1920 2019 (13.2)} 1/2-1/2

[Event "82nd Italian Championship 2023"]
[Site "Brescia"]
[Date "2023.12.06"]
[Round "8.6"]
[White "Dvirnyy, Danyyil"]
[Black "Lodici, Lorenzo"]
[Result "1/2-1/2"]
[ECO "C72"]
[WhiteElo "2495"]
[BlackElo "2550"]
[Annotator "TA"]
[PlyCount "43"]
[EventDate "2023.11.28"]
[EventType "tourn"]
[EventCountry "ITA"]
[SourceTitle "playchess.com"]
[Source "ChessBase"]
[SourceQuality "1"]
[TimeControl "40/6000+30:20/3000+30:900+30"]

1. e4 e5 2. Nf3 Nc6 3. Bb5 a6 4. Ba4 d6 5. O-O Bg4 6. h3 h5 7. Bxc6+ bxc6 8. d4 $1 {[%emt 0:00:08] C72: Ruy Lopez: Deferred Steinitz: 5 0-0.} ({Much weaker is} 8. hxg4 hxg4 9. Re1 gxf3 10. Qxf3 Qh4 $15) 8... Bxf3 9. Qxf3 {[%emt 0:00:11] Qc3 would be deadly.} exd4 10. Rd1 {[%emt 0:04:07] White is more active.} Qf6 11. Qxf6 Nxf6 12. Rxd4 Nd7 {[%emt 0:00:14] [#] Black took control after the opening.   Weighted Error Value: White=0.10 (very precise) /Black=0.00 (flawless)} {Predecessor:} 13. Nc3 $146 g6 14. Rb4 Bg7 15. Bd2 Nb6 16. Nd1 a5 17. Rb3 a4 18. Rd3 a3 19. Bc3 axb2 20. Nxb2 Bxc3 21. Rxc3 Kd7 22. Rf3 {½-½ Van Buren,H (1854)-Torres Valdes,F (1853) CUB-USA email 2013 [25]} 1/2-1/2